 Dungeon Crawl Stone Soup version 0.30-a0-949-g53dc5368d7 (webtiles) character file.

Game seed: 510561076336343616

29223 Dirtsage the Carver (level 13, -25/104 HPs)
             Began as a Demonspawn Fighter on Mar 27, 2023.
             Was an Elder of Wu Jian.
             Annihilated by a cane toad (53 damage)
             ... on level 3 of the Lair of Beasts.
             The game lasted 00:31:40 (17152 turns).

Dirtsage the Carver (Demonspawn Fighter)           Turns: 17152, Time: 00:31:40

Health: -25/104    AC: 17    Str: 17    XL:     13   Next: 14%
Magic:  0/13       EV:  2    Int:  9    God:    Wu Jian [****..]
Gold:   1127       SH:  0    Dex: 18    Spells: 12/12 levels left

rFire   . . .      SeeInvis .    v - +4 long sword
rCold   . . .      Faith    .    c - +0 buckler
rNeg    . . .      Spirit   +    w - +4 ring mail
rPois   .          Reflect  .    (helmet unavailable)
rElec   .          Rampage  .    O - scarf {repulsion}
rCorr   .                        (no gloves)
Will    .....                    U - +0 pair of boots
Stlth   +                        s - amulet of guardian spirit
HPRegen 0.37/turn                (no ring)
MPRegen 0.13/turn                (no ring)

@: sleeping, repel missiles
A: horns 3, molten scales 2, foul stench 1, icemail 1, condensation shield
a: Renounce Religion, Wall Jump, Serpent's Lash


You were on level 3 of the Lair of Beasts.
You worshipped Wu Jian.
Wu Jian was greatly pleased with you.
You visited 3 branches of the dungeon, and saw 15 of its levels.

You collected 1127 gold pieces.

Inventory:

Hand Weapons
 p - a +3 dagger of freezing
 v - a +4 long sword (weapon)
 H - a +0 scimitar
Missiles
 d - 4 silver javelins
 Q - 2 throwing nets (quivered)
Armour
 a - a +0 pair of gloves
 c - a +0 buckler (worn)
 w - a +4 ring mail (worn)
 M - a +1 cloak of willpower
 N - a +2 scale mail of poison resistance
 O - a scarf of repulsion (worn)
 R - the +3 salamander hide armour {Flames, rFlCloud rF++ rC--}
   (You found it on level 10 of the Dungeon)

   Flames:    It surrounds you with flame clouds and enhances your fire magic.
   rFlCloud:  It grants immunity to flame clouds.
   rF:        It greatly protects you from fire.
   rC:        It makes you very vulnerable to cold.
 U - a +0 pair of boots (worn)
 X - a +0 tower shield
Jewellery
 s - an amulet of guardian spirit (around neck)
 G - an amulet of the acrobat
Wands
 b - a wand of iceblast (9)
 u - a wand of acid (5)
 C - a wand of mindburst (20)
 D - a wand of digging (9)
 E - a wand of flame (29)
 Z - a wand of paralysis (4)
Scrolls
 f - 5 scrolls of immolation
 g - a scroll of fear
 i - 3 scrolls of identify
 j - a scroll of poison
 k - 2 scrolls of magic mapping
 o - a scroll of fog
 r - 2 scrolls of enchant weapon
 t - 5 scrolls of teleportation
 y - 2 scrolls of noise
 B - 3 scrolls of blinking
 I - 3 scrolls of enchant armour {unknown}
 K - 2 scrolls of acquirement {unknown}
 P - a scroll of vulnerability {unknown}
 S - a scroll of amnesia {unknown}
 T - a scroll of brand weapon {unknown}
Potions
 e - 2 potions of invisibility {unknown}
 h - 5 potions of attraction {unknown}
 l - 2 potions of heal wounds
 m - 3 potions of mutation {unknown}
 n - a potion of degeneration {unknown}
 q - 9 potions of curing
 x - 2 potions of flight {unknown}
 z - 3 potions of cancellation {unknown}
 A - 7 potions of ambrosia
 F - 4 potions of lignification
 J - 2 potions of brilliance {unknown}
 L - 2 potions of berserk rage {unknown}
 V - 2 potions of magic {unknown}
 W - 2 potions of haste {unknown}


   Skills:
 + Level 10.3 Fighting
 - Level 14.0 Long Blades
 - Level 2.6 Armour
 + Level 8.9 Dodging
 + Level 9.4 Shields


You had 12 spell levels left.
You didn't know any spells.
Your spell library contained the following spells:

 Spells                   Type           Power      Damage    Failure   Level
 Slow                     Hex            0%         N/A       65%         1
 Cigotuvi's Dreadful Rot  Necr/Pois/Air  0%         N/A       80%         2
 Poisonous Vapours        Pois/Air       0%         N/A       80%         2
 Confusing Touch          Hex            0%         N/A       95%         3
 Mephitic Cloud           Conj/Pois/Air  0%         N/A       95%         3
 Tukima's Dance           Hex            0%         N/A       95%         3
 Vampiric Draining        Necr           0%         2d6       95%         3
 Passage of Golubria      Tloc           0%         N/A       100%        4
 Yara's Violent Unravell  Hex/Tmut       0%         3d3       100%        5


Dungeon Overview and Level Annotations

Branches:
Dungeon (10/15)            Temple (1/1) D:7            Lair (4/5) D:10
  Swamp (0/4) Lair:3       Spider (0/4) Lair:3        Slime (0/5) Lair:4
    Orc (0/2) D:10

Altars:
Ashenzari
Cheibriados
Dithmenos
Fedhas
Gozag
Hepliaklqana
Kikubaaqudgha
Makhleb
Nemelex Xobeh
Okawaru
Qazlal
Ru
Sif Muna
Trog
Uskayaw
Vehumet
Wu Jian
Xom
Yredelemnul
Jiyva

Shops:
D:3 =   D:10 *

Annotations:
D:9 2 transporters


Innate Abilities, Weirdness & Mutations

You have a pair of large horns on your head.
You are mostly covered in molten scales. (AC +3)
You may rarely emit foul miasma when damaged in melee.
A meltable icy envelope protects you from harm. (AC +4)
A meltable shield of frost defends you. (SH +4)


Message History

The cane toad stings you!!!
You wake up.
The dream sheep bites you but does no damage.
You block the dream sheep's attack.
You take 54 damage, and have 46/104 hp.
MASSIVE DAMAGE!!
You now have 6/13 mp.
Unknown command.
Unknown command.
You feel sick.
There is a stone staircase leading up here.
You take 2 damage, and have 44/104 hp.
You feel sick.
The cane toad stings you but does no damage.
You block the dream sheep's attack.
The dream sheep bites you but does no damage.
You climb upwards.
You feel sick.
There is a stone staircase leading down here.
You take 3 damage, and have 41/104 hp.
You spin and attack the cane toad.
You slash the cane toad!
The cane toad is heavily wounded.
You feel sick. The cane toad stings you. You block the cane toad's attack.
You take 4 damage, and have 37/104 hp.
You now have 5/13 mp.
You spin and attack the cane toad repeatedly.
You barely miss the cane toad. You headbutt the cane toad!
The cane toad is severely wounded.
You hit the cane toad.
The cane toad is severely wounded.
You feel sick. The cane toad stings you!
* * * LOW HITPOINT WARNING * * *
You take 7 damage, and have 30/104 hp.
You now have 4/13 mp.
You feel sick.
The dream sheep ruffle their wool and motes of dream dust sparkle, to no effect.
You take 1 damage, and have 29/104 hp.
You feel sick.
The dream sheep shake their wool and sparkle.
You feel drowsy...
You fall asleep.
You feel sick.
You are no longer poisoned.
The cane toad barely misses you. The cane toad stings you!!!
Ouch! That really hurt!
You die...

~≈≈~....#.###.###...#########...#
~~~~~...####.## #.....######....#
#♣~~~...# #### #...#.##..###....
#♣~~.### ##..# #....##...###...#
#~### #...###...###....#....# ###
###..##.....##<..#.#....
#P...###...###..>####...
#.....##...###....# ##..
#.....#@...##.....## ##.
#...YYF#.>.##......####.
##.>.###...###.##...#.##
#....###....#.###..#.###
##....###....#.#......##
#P.[.#.##.........#....#
##.....##.#......###....
#......#.#.......# ##...
##.#........#....# ##..


You could see a cane toad and 2 dream sheep.

Vanquished Creatures
  A minotaur (Lair:1)
  A hydra (Lair:3)
  2 two-headed ogres
  4 death yaks (Lair:4)
  Amaemon (Lair:1)
  A salamander mystic (D:10)
  3 salamanders (D:10)
  3 oklob plants (Lair:3)
  Joseph (D:8)
  3 black mambas
  An orange demon (Lair:1)
  3 cane toads
  3 rime drakes
  An unseen horror (D:10)
  2 komodo dragons
  A queen bee (D:10)
  2 hornets
  20 blink frogs
  Prince Ribbit (D:7)
  3 slime creatures (Lair:4)
  2 jumping spiders (Lair:3)
  7 culicivoras (Lair:3)
  4 wyverns
  13 yaks (D:10)
  A redback (Lair:3)
  A steam dragon (D:9)
  9 water moccasins
  2 sky beasts
  4 orc warriors
  2 black bears (D:10)
  6 centaurs
  An ogre (D:6)
  10 wolves
  A kobold brigand (D:5)
  12 bullfrogs
  A gnoll sergeant (D:10)
  4 scorpions
  22 wights
  36 killer bees
  A howler monkey (D:7)
  4 hounds
  7 jellies
  6 iguanas
  5 orc priests
  4 hell rats (Lair:4)
  7 orc wizards
  Natasha (thrice) (D:2)
  4 gnolls
  5 adders
  A shadow imp (D:6)
  A white imp (D:5)
  2 ufetubi
  3 worms
  5 dart slugs
  29 orcs
  5 endoplasms
  3 giant cockroaches
  6 goblins
  9 hobgoblins
  3 jackals (D:5)
  3 quokkas
  2 ball pythons
  4 bats
  3 frilled lizards
  5 kobolds
  7 rats
  3 bushes
335 creatures vanquished.

Vanquished Creatures (others)
  An orc wizard (D:4)
  90 fungi
  92 plants
183 creatures vanquished.

Grand Total: 518 creatures vanquished

Notes
Turn   | Place    | Note
-------+----------+-------------------------------------------
     0 | D:1      | Dirtsage the Demonspawn Fighter began the quest for the
                  | Orb.
     0 | D:1      | Reached XP level 1. HP: 18/18 MP: 1/1
    18 | D:1      | Reached skill level 2 in Long Blades
    18 | D:1      | Gained mutation: You have a pair of small horns on your
                  | head. [demonic ancestry]
    18 | D:1      | Reached XP level 2. HP: 10/24 MP: 2/2
   300 | D:1      | Reached skill level 3 in Long Blades
   668 | D:1      | Reached XP level 3. HP: 29/29 MP: 3/3
  1171 | D:2      | Found an ornate altar of the Wu Jian Council.
  1179 | D:2      | Became a worshipper of the Wu Jian Council
  1243 | D:2      | Noticed Natasha
  1251 | D:2      | Killed Natasha
  1252 | D:2      | Reached skill level 4 in Long Blades
  1252 | D:2      | Gained mutation: A meltable shield of frost defends you.
                  | (SH +4) [demonic ancestry]
  1252 | D:2      | Reached XP level 4. HP: 25/35 MP: 1/4
  1337 | D:2      | Noticed Natasha
  1376 | D:2      | Killed Natasha
  1393 | D:2      | Noticed Natasha
  1397 | D:2      | Killed Natasha
  1857 | D:3      | HP: 1/35 [orc/+0 flail (3)]
  1858 | D:3      | Reached skill level 5 in Long Blades
  1858 | D:3      | Reached XP level 5. HP: 2/41 MP: 0/5
  2319 | D:3      | Found Naripn's Jewellery Emporium.
  2799 | D:4      | Reached * piety under Wu Jian
  2899 | D:4      | Gained mutation: You have a pair of horns on your head.
                  | [demonic ancestry]
  2899 | D:4      | Reached XP level 6. HP: 25/47 MP: 4/6
  3057 | D:4      | Reached skill level 6 in Long Blades
  3076 | D:4      | HP: 1/47 [iguana (4)]
  3440 | D:4      | Reached skill level 7 in Long Blades
  3573 | D:4      | Gained mutation: You are partially covered in molten
                  | scales. (AC +2) [demonic ancestry]
  3573 | D:4      | Reached XP level 7. HP: 48/52 MP: 4/7
  3621 | D:4      | You fall into a shaft and drop 1 floor!
  3621 | D:5      | Entered Level 5 of the Dungeon
  4300 | D:5      | Reached ** piety under Wu Jian
  4301 | D:5      | Reached skill level 8 in Long Blades
  4880 | D:5      | Gained mutation: You are mostly covered in molten scales.
                  | (AC +3) [demonic ancestry]
  4880 | D:5      | Reached XP level 8. HP: 40/58 MP: 4/8
  4897 | D:5      | Reached skill level 9 in Long Blades
  6331 | D:7      | Noticed Prince Ribbit
  6341 | D:7      | Reached skill level 10 in Long Blades
  6367 | D:7      | Killed Prince Ribbit
  6542 | D:7      | Found a staircase to the Ecumenical Temple.
  6551 | D:7      | Noticed a komodo dragon
  6563 | D:7      | Killed a komodo dragon
  6564 | D:7      | Reached skill level 11 in Long Blades
  6564 | D:7      | Reached XP level 9. HP: 38/63 MP: 5/9
  6908 | Temple   | Entered the Ecumenical Temple
  7326 | D:7      | Reached *** piety under Wu Jian
  7370 | D:7      | Reached skill level 1 in Dodging
  7992 | D:8      | Noticed Joseph
  8009 | D:8      | Killed Joseph
  8010 | D:8      | Reached skill level 12 in Long Blades
  8048 | D:8      | Found an opulent altar of Gozag.
  8467 | D:9      | Noticed a troll
  8467 | D:9      | Found a transporter.
  8468 | D:9      | Found a transporter.
  8469 | D:9      | Noticed a meliai
  8469 | D:9      | Noticed a manticore
  8473 | D:9      | Found a snail-covered altar of Cheibriados.
  8478 | D:9      | a meliai changed into a guardian serpent
  8478 | D:9      | Noticed a guardian serpent (shapeshifter)
  8483 | D:9      | a guardian serpent changed into a komodo dragon
  8483 | D:9      | Noticed a komodo dragon (shapeshifter)
  8485 | D:9      | a komodo dragon changed into a guardian serpent
  8485 | D:9      | Noticed a guardian serpent (shapeshifter)
  8486 | D:9      | a guardian serpent changed into a redback
  8492 | D:9      | a redback changed into a shining eye
  8492 | D:9      | Noticed a shining eye (shapeshifter)
  8581 | D:9      | Gained mutation: You may rarely emit foul miasma when
                  | damaged in melee. [demonic ancestry]
  8581 | D:9      | Reached XP level 10. HP: 65/72 MP: 10/10
  8891 | D:9      | Reached skill level 5 in Fighting
  8916 | D:9      | Noticed a two-headed ogre
  8927 | D:9      | Killed a two-headed ogre
  9079 | D:9      | Found a blossoming altar of Fedhas.
  9299 | D:10     | Entered Level 10 of the Dungeon
  9325 | D:10     | Reached skill level 5 in Shields
  9338 | D:10     | Reached **** piety under Wu Jian
  9871 | D:10     | Reached skill level 5 in Dodging
  9939 | D:10     | Gained mutation: A meltable icy envelope protects you from
                  | harm. (AC +4) [demonic ancestry]
  9939 | D:10     | Reached XP level 11. HP: 49/83 MP: 9/11
 10055 | D:10     | Reached ***** piety under Wu Jian
 10310 | D:10     | Found Jangopra's Assorted Antiques.
 10375 | D:10     | Noticed a two-headed ogre
 10384 | D:10     | Killed a two-headed ogre
 10419 | D:10     | Reached skill level 13 in Long Blades
 10478 | D:10     | Found a sparkling altar of Nemelex Xobeh.
 10555 | D:10     | Found a staircase to the Lair.
 10661 | D:10     | Found a staircase to the Orcish Mines.
 11031 | D:10     | Noticed a salamander mystic
 11319 | D:10     | Killed a salamander mystic
 11690 | D:10     | Found the +3 salamander hide armour {Flames, rFlCloud rF++
                  | rC--}
 11770 | Lair:1   | Entered Level 1 of the Lair of Beasts
 11808 | Lair:1   | Noticed Amaemon
 11819 | Lair:1   | Killed Amaemon
 12176 | Lair:1   | Paralysed by a hornet for 1 turns
 12383 | Lair:1   | Reached XP level 12. HP: 76/93 MP: 9/12
 12493 | Lair:1   | Found a runed translucent door.
 12932 | Lair:1   | Noticed a minotaur
 12940 | Lair:1   | Killed a minotaur
 14193 | Lair:3   | Found the +18 Lear's hauberk
 14207 | Lair:3   | HP: 2/94 [oklob plant/splash of acid (22)]
 14676 | Lair:3   | Identified the +6 sling of Bietoij {heavy, MP-9 Dex+3}
 15071 | Lair:3   | Found a staircase to the Swamp.
 15071 | Lair:3   | Noticed a six-headed hydra
 15082 | Lair:3   | Killed a six-headed hydra
 15233 | Lair:3   | Reached skill level 14 in Long Blades
 15497 | Lair:3   | Found a hole to the Spider Nest.
 16155 | Lair:4   | Noticed a death yak
 16155 | Lair:4   | Noticed a death yak
 16155 | Lair:4   | Noticed a death yak
 16157 | Lair:4   | Noticed a death yak
 16163 | Lair:4   | Killed a death yak
 16164 | Lair:4   | Reached skill level 10 in Fighting
 16169 | Lair:4   | Killed a death yak
 16170 | Lair:4   | Gained mutation: You have a pair of large horns on your
                  | head. [demonic ancestry]
 16170 | Lair:4   | Reached XP level 13. HP: 16/103 MP: 2/13
 16756 | Lair:4   | Found a viscous altar of Jiyva.
 16759 | Lair:4   | Found a staircase to the Slime Pits.
 17152 | Lair:3   | Annihilated by a cane toad

Illustrated notes

Levels and vault maps discovered:
D:1:      saegor_arrival_miasma, layout_loops_ring
D:2:      layout_basic, basic_altar, uniq_natasha
D:3:      layout_loops_cross, serial_shops, nicolae_diamond_shop
D:4:      layout_loops_ring
D:5:      minmay_inner_zag, layout_basic
D:6:      layout_cave_pods, hangedman_abyss_or_decor_lesser_grid
D:7:      layout_loops_cross, minmay_temple_entry_wispy,
          hangedman_abyss_or_decor_stabs, kennysheep_small_square,
          uniq_prince_ribbit1
D:8:      layout_basic, grunt_gozag_breadcrumbs, uniq_joseph
D:9:      layout_cross, gammafunk_temple_overflow_arena, kennysheep_mini
D:10:     layout_roguey [special_room_bee], amcnicky_altar_gilded,
          due_lair_maze_entry_diamond, david_orc_3, enter_bailey_4,
          serial_shops, shop, hellmonk_guarded_unrand_salamander
Temple:   mainiacjoe_temple_bowtie_tessellation
Lair:1:   dreamdust_labyrinth, layout_loops_ring, uniq_amaemon
Lair:2:   layout_cave_pods, minivault_19, serial_bayou_pond_d
Lair:3:   minmay_lair_oklob_chamber, layout_concentric_octagons,
          minmay_swamp_entry_reptiles, nicolae_spider_entry_tight_spaces,
          lemuel_fruit_tree, serial_bayou_shore_b
Lair:4:   layout_layer_cave, minmay_slime_entry_pillars, hibernation_bobbens,
          grunt_megastairs_5

Skill      XL: |  1  2  3  4  5  6  7  8  9 10 11 12 |
---------------+-------------------------------------+-----
Long Blades    | 2 3 4 5 7 8 11 12 13 14 | 14.0
Dodging        | 2 5 6 8 |  8.9
Shields        | 4 5 7 9 |  9.4
Fighting       | 4 6 8 10 | 10.3
Armour         | |  2.6

Action                     |  1- 3 |  4- 6 |  7- 9 | 10-12 | 13-15 || total
---------------------------+-------+-------+-------+-------+-------++-------
  Melee: Long sword        |    78 |   177 |   292 |   638 |    58 ||  1243
         Headbutt          |    14 |    33 |    80 |   134 |    14 ||   275
         Scimitar          |       |       |   100 |       |       ||   100
         Dagger            |       |       |       |     7 |       ||     7
  Throw: Dart              |       |       |     1 |     1 |       ||     2
 Invoke: Serpent's Lash    |       |       |       |     4 |       ||     4
         Heavenly Storm    |       |       |       |     1 |       ||     1
Ability: Lunge             |     1 |     9 |    25 |    43 |     4 ||    82
         Whirlwind         |       |     1 |    27 |    38 |    31 ||    97
  Evoke: Wand              |       |       |       |     2 |       ||     2
    Use: Potion            |       |     1 |     2 |     4 |       ||     7
         Scroll            |       |       |     9 |     2 |       ||    11
   Stab: Distracted        |       |       |       |     1 |       ||     1
 Armour: Scale mail        |    27 |    36 |       |   138 |       ||   201
         Ring mail         |       |     4 |    99 |       |     5 ||   108
         Leather armour    |       |       |       |    22 |     5 ||    27
  Dodge: Dodged            |    35 |    44 |    90 |   221 |    21 ||   411
         Repelled          |       |       |       |     6 |       ||     6
  Block: Buckler           |    15 |    60 |   116 |   263 |    10 ||   464

Table legend: (Time is in decaauts)
 A = Elapsed time spent in this place.
 B = Non-inter-level travel time spent in this place.
 C = Inter-level travel time spent in this place.
 D = Time resting spent in this place.
 E = Time spent auto-exploring this place.
 F = Levels seen in this place.
 G = Mean time per level.
                   A        B        C        D        E       F      G
               +--------+--------+--------+--------+--------+-----+--------+
         Total |  17046 |  16477 |    569 |   3125 |  10845 |  15 | 1136.4 |
       Dungeon |  11482 |  11054 |    428 |   1899 |   7162 |  10 | 1148.2 |
        Temple |    229 |    199 |     30 |      0 |    188 |   1 |  229.0 |
          Lair |   5334 |   5223 |    111 |   1226 |   3494 |   4 | 1333.5 |
               +--------+--------+--------+--------+--------+-----+--------+

Top non-repeatable levels by time:
    D:10: 1894 daAuts
  Lair:3: 1879 daAuts
     D:5: 1481 daAuts
  Lair:1: 1398 daAuts
     D:9: 1320 daAuts
     D:4: 1293 daAuts
     D:7: 1211 daAuts
  Lair:4: 1067 daAuts
     D:2: 1032 daAuts
  Lair:2: 988 daAuts
     D:3: 929 daAuts
     D:6: 892 daAuts
     D:1: 755 daAuts
     D:8: 672 daAuts
  Temple: 229 daAuts
